 Dungeon Sprint DCSS version 0.17-a0-1840-g87820a2 (webtiles) character file.

258 nuthulu the Skirmisher (level 6, -1/66 HPs)
             Began as a Gargoyle Berserker on Sept 16, 2015.
             Was a Priest of Trog.
             Slain by a human
             ... wielding a +0 dagger
              (6 damage)
             ... in the Dungeon (Sprint III: "The Ten Rune Challenge").
             The game lasted 00:01:27 (506 turns).

nuthulu the Skirmisher (Gargoyle Berserker)          Turns: 506, Time: 00:01:27

Health: -1/66      AC:  8    Str: 26    XL:     6   Next: 16%
Magic:  6/6        EV: 14    Int:  7    God:    Trog [***...]
Gold:   28         SH:  0    Dex: 11    Spells: 0 memorised, 5 levels left

rFire  . . .     SeeInvis .     a - +0 mace
rCold  . . .     Clarity  .     b - +0 animal skin
rNeg   + . .     SustAt   .     (no shield)
rPois  ∞         Gourm    .     (no helmet)
rElec  +         Spirit   .     l - +0 cloak
rCorr  .         Warding  .     (no gloves)
rMut   .         NoTele   +     (no boots)
MR     .....                    (no amulet)
Stlth  ..........               (no ring)
                                (no ring)

@: berserking (expiring), very quick, not resistant to hostile enchantments,
extremely unstealthy
A: negative energy resistance 1, electricity resistance, unbreathing,
petrification resistance, rot immunity, AC +4
a: Burn Spellbooks, Berserk, Trog's Hand, Renounce Religion


You were in the Dungeon.
You worshipped Trog.
Trog was most pleased with you.
You were not hungry.

You visited 1 branch You collected 28 gold pieces.

Inventory:

Hand weapons
 a - a +0 mace (weapon)
Armour
 b - a +0 animal skin (worn)
 l - a +0 cloak (worn)
Magical devices
 k - a wand of slowing (10)
Scrolls
 i - a scroll of blinking
 n - a scroll of torment
 p - 2 scrolls of remove curse {unknown}
Potions
 d - a potion of curing
 e - a potion of heal wounds
 f - a potion of haste
 g - 2 potions of magic
 h - a potion of berserk rage
 m - 2 potions of mutation
 r - a potion of might
 s - a potion of lignification {unknown}
 t - a potion of cure mutation {unknown}
 u - a potion of flight {unknown}
Comestibles
 c - a bread ration
 q - a meat ration


   Skills:
 + Level 7.5 Fighting
 + Level 6.8 Maces & Flails
 + Level 7.0 Armour
 + Level 5.3 Dodging


You had 5 spell levels left.
You didn't know any spells.

Dungeon Overview and Level Annotations

Branches:
Dungeon (1/1)

Altars:
Okawaru
Trog


Innate Abilities, Weirdness & Mutations

You are resistant to torment.
Your stone body is resilient (AC +4).
You are immune to poison.
You resist negative energy.
You are resistant to electric shocks.
You can survive without breathing.
You are immune to petrification.
You are immune to rotting.


Message History

You closely miss the human.
The human is severely wounded.
The human hits you with a dagger.
* * * LOW HITPOINT WARNING * * *
You sock the human!
You feel the power of Trog in you as your rage grows.
You kill the human!
Trog accepts your kill.
Your Fighting skill increases to level 7!
Your Maces & Flails skill increases to level 6!
Your Armour skill gained 2 levels and is now at level 7!
Your Dodging skill increases to level 5!
You have reached level 5!
You have reached level 6!
Your experience leads to an increase in your attributes!
Your base attributes are Str 21, Int 7, Dex 10.
Increase (S)trength, (I)ntelligence, or (D)exterity?
You feel agile. The human hits you with a dagger.
You die...

▓▓▓▓▓▓▓▓▓▓▓▓ ▓▓▓
▓<.#..+....♣♣ ♣.#
▓..#..#.....♣♣ ♣♣.#
▓#'####....♣.♣ ..#
▓.....#....≈♣♣♣ ♣.###
▓.....#...≈≈..♣♣♣.#..
▓...@p#..≈≈≈≈.♣.♣.'.⌠
▓####†#..≈≈≈≈≈≈.♣.#..
▓(....#.≈≈≈≈≈≈....#.⌠
▓.....#.≈≈≈≈≈.....#..
▓.....#.≈≈≈.......#+#
▓'#####...........#
▓..p.)............#
▓▓▓▓▓▓▓▓▓▓▓▓▓▓▓▓▓▓▓


You could see a human.

Vanquished Creatures
  A water elemental (D)
  Crazy Yiuf (D)
  2 humans (D)
  2 oozes (D)
  2 rats (D)
8 creatures vanquished.

Vanquished Creatures (others)
  2 draconian scorchers (D)
  2 yaktaurs (D)
4 creatures vanquished.

Grand Total: 12 creatures vanquished

Notes
Turn   | Place    | Note
--------------------------------------------------------------
     0 | D        | nuthulu the Gargoyle Berserker began the quest for the Orb.
     0 | D        | Reached XP level 1. HP: 14/14 MP: 1/1
     9 | D        | Reached skill level 4 in Fighting
     9 | D        | Reached XP level 2. HP: 18/20 MP: 2/2
    36 | D        | Acquired Trog's second power
    42 | D        | Killed a yaktaur
   113 | D        | Reached XP level 3. HP: 24/24 MP: 3/3
   158 | D        | Noticed Crazy Yiuf
   172 | D        | Killed Crazy Yiuf
   172 | D        | Reached skill level 5 in Fighting
   172 | D        | Reached XP level 4. HP: 31/31 MP: 4/4
   181 | D        | Killed a yaktaur
   207 | D        | Killed a white draconian scorcher
   226 | D        | Killed a white draconian scorcher
   312 | D        | Noticed a water elemental
   321 | D        | Killed a water elemental
   321 | D        | Reached skill level 6 in Fighting
   321 | D        | Reached skill level 5 in Maces & Flails
   321 | D        | Reached skill level 5 in Armour
   457 | D        | Found an iron altar of Okawaru.
   457 | D        | Found a bloodstained altar of Trog.
   457 | D        | Noticed a human
   459 | D        | Noticed a human
   506 | D        | Killed a human
   506 | D        | Reached skill level 7 in Fighting
   506 | D        | Reached skill level 5 in Dodging
   506 | D        | Reached XP level 5. HP: 5/38 MP: 5/5
   506 | D        | Reached XP level 6. HP: 5/44 MP: 6/6
   506 | D        | Slain by a human

Vault maps used:
D:        dungeon_sprint_mu

Action                   |  1- 3 |  4- 6 || total
-------------------------+-------+-------++-------
Melee: Mace              |    21 |    21 ||    42
Invok: Berserk           |     2 |     2 ||     4
       Trog's Hand       |     1 |     1 ||     2
  Use: Scroll            |       |     3 ||     3
  Eat: Bread ration      |       |     1 ||     1
       Chunk             |       |     1 ||     1
